 Dungeon Crawl Stone Soup version 0.19.1-1-g22dce08 (webtiles) character file.

1037 paradoxae the Cudgeler (level 8, -6/70 HPs)
             Began as a Minotaur Berserker on Jan 9, 2017.
             Was an Elder of Trog.
             Killed by nerve-wracking pain
             ... invoked by Menkaure
              (14 damage)
             ... in an ossuary.
             The game lasted 00:20:26 (4407 turns).

paradoxae the Cudgeler (Minotaur Berserker)         Turns: 4407, Time: 00:20:30

Health: -6/70      AC: 13    Str: 23    XL:     8   Next: 4%
Magic:  0/7        EV: 10    Int:  4    God:    Trog [****..]
Gold:   114        SH:  4    Dex: 11    Spells: 0 memorised, 7 levels left

rFire  . . .     SeeInvis .     a - +1 mace (venom)
rCold  . . .     Gourm    .     f - +0 chain mail
rNeg   . . .     Faith    .     z - +0 buckler
rPois  .         Spirit   +     h - +1 hat
rElec  .         Reflect  .     l - +0 cloak
rCorr  .         Harm     .     v - +0 pair of gloves
MR     .....                    (no boots)
Stlth  ..........               q - amulet of guardian spirit
                                (no ring)
                                (no ring)

@: no status effects
A: retaliatory headbutt, horns 2
a: Berserk, Trog's Hand, Brothers in Arms, Burn Spellbooks, Renounce Religion


You were in an ossuary.
You worshipped Trog.
Trog was greatly pleased with you.
You were very hungry.

You visited 1 branch of the dungeon, and saw 5 of its levels.
You also visited: Ossuary.

You collected 114 gold pieces.

Inventory:

Hand Weapons
 a - a +1 mace of venom (weapon)
 b - a +2 quarterstaff of chaos
 o - a +0 mace
Missiles
 m - 2 javelins (quivered)
Armour
 f - a +0 chain mail (worn)
 h - a +1 hat (worn)
 l - a +0 cloak (worn)
 v - a +0 pair of gloves (worn)
 z - a +0 buckler (worn)
Jewellery
 q - an amulet of guardian spirit (around neck)
Wands
 r - a wand of random effects (27/48)
 y - a wand of random effects (23/48)
Scrolls
 n - a scroll of magic mapping
 p - a scroll of fear {unknown}
 s - a scroll of amnesia {unknown}
 t - a scroll of enchant weapon {unknown}
 u - a scroll of teleportation {unknown}
 w - a scroll of identify {unknown}
Potions
 e - a potion of haste {unknown}
 i - a potion of ambrosia {unknown}
 j - 2 potions of flight {unknown}
 k - a potion of heal wounds {unknown}
Comestibles
 c - 2 bread rations
 d - 3 meat rations


   Skills:
 + Level 6.2 Fighting
 + Level 6.4 Maces & Flails
 + Level 6.0 Armour
 + Level 5.3 Dodging
 * Level 2.2 Shields
 + Level 1.0 Evocations


You had 7 spell levels left.
You didn't know any spells.

Dungeon Overview and Level Annotations

Branches:
Dungeon (5/15)
 Temple: D:4-7

Altars:
Fedhas
Okawaru

Annotations:
Ossuary Menkaure


Innate Abilities, Weirdness & Mutations

You reflexively headbutt those who attack you in melee.
You have a pair of horns on your head.


Message History

Menkaure is moderately damaged.
Menkaure hits you but does no damage.
You hit Menkaure.
Menkaure is heavily damaged.
Menkaure barely misses you. You furiously retaliate!
You headbutt Menkaure, but do no damage.
Menkaure barely misses you.
You hit Menkaure.
Menkaure is severely damaged.
Menkaure closely misses you.
You hit Menkaure but do no damage.
Menkaure is severely damaged.
Menkaure hits you!!
Your chain mail prevents you from hitting Menkaure.
Menkaure is severely damaged.
Menkaure hits you!!
* * * LOW HITPOINT WARNING * * *
Menkaure gestures at you while chanting.
Pain shoots through your body!
You die...

#..##^.##..####..##..##..##
..##..##..##.?##..##..##..##
.##..##..##?.??##..##..##..##
##..##..##?.!?..##..##..##..##
#.^##..##..?∩∩.M.##..##..##..##
..##..## ...!.....##..##..##..##
.##..## ...??.....##..##..##..##
##..##############''##..##..##..#
#...............@M...##..##..##..
########################..##..##.
....^.^........^...........##..##
##############################..#
...........^.....................
#################################


You could see Menkaure.

Vanquished Creatures
  The ghost of Spectrina the Twirler, an amateur FoFi (Ossuary)
  The ghost of zachydoo the Slasher, an amateur HESk of Yredelemnul (D:3)
  A phantom (D:4)
  A centaur (D:4)
  A scorpion (D:4)
  A howler monkey (D:4)
  An orc priest (D:3)
  Crazy Yiuf (D:2)
  A centaur skeleton (D:4)
  2 iguanas
  2 orc wizards (D:3)
  A killer bee zombie (D:5)
  A mummy (Ossuary)
  Robin (D:2)
  2 gnolls (D:3)
  4 adders
  An ooze (D:5)
  An adder zombie (D:5)
  4 worms
  3 dart slugs
  6 leopard geckos
  9 orcs
  12 bats
  5 giant cockroaches
  5 gnoll zombies (Ossuary)
  14 goblins
  8 hobgoblins
  3 jackals (D:4)
  2 quokkas (D:2)
  A ball python (D:2)
  5 frilled lizards
  2 gnoll skeletons (Ossuary)
  A hobgoblin zombie (Ossuary)
  12 kobolds
  4 kobold skeletons (Ossuary)
  3 kobold zombies (Ossuary)
  4 orc skeletons (Ossuary)
  An orc zombie (Ossuary)
  8 rats
  2 rat skeletons (Ossuary)
  3 rat zombies (Ossuary)
141 creatures vanquished.

Vanquished Creatures (others)
  2 mummies (Ossuary)
  A gnoll skeleton (Ossuary)
  2 goblin skeletons (Ossuary)
  3 goblin zombies (Ossuary)
  A hobgoblin skeleton (Ossuary)
  A hobgoblin zombie (Ossuary)
  3 kobold skeletons (Ossuary)
  2 kobold zombies (Ossuary)
  4 orc skeletons (Ossuary)
  2 orc zombies (Ossuary)
  2 rat skeletons (Ossuary)
  4 rat zombies (Ossuary)
27 creatures vanquished.

Grand Total: 168 creatures vanquished

Notes
Turn   | Place    | Note
-------+----------+-------------------------------------------
     0 | D:1      | paradoxae the Minotaur Berserker began the quest for the Orb.
     0 | D:1      | Reached XP level 1. HP: 19/19 MP: 0/0
   242 | D:1      | Reached XP level 2. HP: 24/26 MP: 1/1
   711 | D:2      | Reached XP level 3. HP: 31/33 MP: 2/2
   923 | D:2      | Noticed Robin
   932 | D:2      | Reached ** piety under Trog
   951 | D:2      | Killed Robin
  1142 | D:2      | Reached XP level 4. HP: 31/40 MP: 3/3
  1514 | D:2      | Found a runed door.
  1518 | D:2      | Noticed Crazy Yiuf
  1523 | D:2      | Killed Crazy Yiuf
  1613 | D:3      | Found a faded altar of an unknown god.
  1704 | D:3      | Noticed zachydoo's ghost (amateur HESk)
  1712 | D:3      | Killed zachydoo's ghost
  1712 | D:3      | Reached skill level 5 in Fighting
  1712 | D:3      | Reached skill level 5 in Maces & Flails
  1712 | D:3      | Reached XP level 5. HP: 36/48 MP: 4/4
  1712 | D:3      | Reached XP level 6. HP: 42/56 MP: 5/5
  1992 | D:3      | Reached *** piety under Trog
  2486 | D:3      | Found an iron altar of Okawaru.
  3127 | D:4      | Reached skill level 5 in Armour
  3210 | D:4      | Found a blossoming altar of Fedhas.
  3241 | D:4      | Reached XP level 7. HP: 41/61 MP: 4/6
  3247 | D:4      | Reached skill level 5 in Dodging
  3722 | D:5      | Entered Level 5 of the Dungeon
  3758 | D:5      | Reached **** piety under Trog
  3868 | D:5      | Reached skill level 1 in Shields
  3876 | D:5      | Found a sand-covered staircase.
  3914 | Ossuary  | Entered an ossuary
  4012 | Ossuary  | Noticed Spectrina's ghost (amateur FoFi)
  4032 | Ossuary  | Killed Spectrina's ghost
  4032 | Ossuary  | Reached XP level 8. HP: 22/70 MP: 3/7
  4387 | Ossuary  | Noticed Menkaure
  4401 | Ossuary  | Reached skill level 1 in Evocations
  4407 | Ossuary  | Killed from afar by Menkaure

Skill      XL: |  1  2  3  4  5  6  7  8 |
---------------+-------------------------+-----
Armour         | 3 4 5 6 |  6.0
Maces & Flails | 4 5 6 |  6.4
Dodging        | 3 4 5 |  5.3
Fighting       | 4 5 6 |  6.2
Shields        | 2 |  2.2
Evocations     | 1 |  1.0

Action                   |  1- 3 |  4- 6 |  7- 9 || total
-------------------------+-------+-------+-------++-------
Melee: Mace              |   105 |    18 |    97 ||   220
       Headbutt          |     6 |    27 |    24 ||    57
       Quarterstaff      |       |   110 |    19 ||   129
  Use: Scroll            |       |       |     2 ||     2
 Stab: Petrifying        |       |       |     1 ||     1
  Eat: Chunk             |     1 |     6 |     3 ||    10
Armor: Chain mail        |    92 |    73 |    42 ||   207
       Animal skin       |     1 |       |       ||     1
Dodge: Dodged            |    84 |    78 |    46 ||   208
Block: Buckler           |       |       |     7 ||     7
